 Seeded DCSS version 0.30-a0-134-gb40fab5c76 (webtiles) character file.

Game seed: 17246712331252751712 (custom seed)

2 wilfster70 the Digger (level 1, -1/10 HPs)
             Began as a Gargoyle Earth Elementalist on Sept 19, 2022.
             Frozen to death by an endoplasm (2 damage)
             ... on level 1 of the Dungeon.
             The game lasted 00:00:28 (43 turns).

wilfster70 the Digger (Gargoyle Earth Elementalist)   Turns: 43, Time: 00:00:28

Health: -1/10      AC:  4    Str: 11    XL:     1   Next: 40%
Magic:  0/3        EV: 11    Int: 15    God:
Gold:   0          SH:  0    Dex: 10    Spells: 3/4 levels left

rFire   . . .      SeeInvis .    (no weapon)
rCold   . . .      Faith    .    (no shield)
rNeg    + . .      Spirit   .    a - +0 robe
rPois   ∞          Reflect  .    (no helmet)
rElec   +          Harm     .    (no cloak)
rCorr   .          Rampage  .    (no gloves)
Will    .....                    (no boots)
Stlth   ++........               (no amulet)
HPRegen 0.03/turn                (no ring)
MPRegen 0.08/turn                (no ring)

@: no status effects
A: sickness immunity, AC +2, negative energy resistance 1, electricity
resistance, torment resistance 1, petrification resistance
a: no special abilities


You were on level 1 of the Dungeon.
You visited 1 branch of the dungeon, and saw 1 of its levels.

Inventory:

Armour
 a - a +0 robe (worn)
Potions
 b - a potion of magic


   Skills:
 + Level 0.2 Fighting
 - Level 1.5 Dodging
 - Level 2.1 Stealth
 + Level 2.0 Spellcasting
 - Level 0.7 Transmutations
 * Level 3.7 Earth Magic


You had 3 spell levels left.
You knew the following spells:

 Your Spells              Type           Power      Damage    Failure   Level
a - Sandblast             Erth           24%        2d8       4%          1

Your spell library contained the following spells:

 Spells                   Type           Power      Damage    Failure   Level
 Passwall                 Tmut/Erth      6%         N/A       13%         2
 Stone Arrow              Conj/Erth      14%        3d7       30%         3
 Petrify                  Tmut/Erth      8%         N/A       65%         4


Dungeon Overview and Level Annotations

Branches:
Dungeon (1/15)

Altars:


Innate Abilities, Weirdness & Mutations

You are immune to sickness and miasma.
Your stone body is resilient. (AC +2)
You are immune to poison.
You resist negative energy. (rN+)
You are resistant to electric shocks. (rElec)
You are resistant to unholy torment.
You are immune to petrification.


Message History

Casting: Sandblast (safe; 4% risk of failure)
Confirm with . or Enter, or press ? or * to list all spells.
Aiming: Sandblast (safe; 4% risk of failure)
Press: ? - help, Shift-Dir - straight line, f/p - quokka
Aim: a quokka (heavily wounded, 75% to hit)
The blast of sand misses the quokka.
The quokka bites you.
The quokka bites you but does no damage.
Casting: Sandblast (safe; 4% risk of failure)
Confirm with . or Enter, or press ? or * to list all spells.
Aiming: Sandblast (safe; 4% risk of failure)
Press: ? - help, Shift-Dir - straight line, f/p - quokka
Aim: a quokka (heavily wounded, 75% to hit)
The blast of sand misses the quokka.
The quokka bites you.
Casting: Sandblast (safe; 4% risk of failure)
Confirm with . or Enter, or press ? or * to list all spells.
You don't have enough magic to cast this spell.
The quokka attacks as you move away! The quokka bites you.
* * * LOW HITPOINT WARNING * * *
The quokka closely misses you. The quokka attacks as you move away!
The quokka barely misses you. The quokka attacks as you move away!
The quokka closely misses you. The quokka attacks as you move away!
The quokka bites you but does no damage.
The quokka closely misses you. The quokka misses you.
The quokka bites you but does no damage.
The quokka bites you.
* * * LOW HITPOINT WARNING * * *
Casting: Sandblast (safe; 4% risk of failure)
Confirm with . or Enter, or press ? or * to list all spells.
Aiming: Sandblast (safe; 4% risk of failure)
Press: ? - help, Shift-Dir - straight line, f/p - quokka
Aim: a quokka (moderately wounded, 75% to hit)
The blast of sand hits the quokka!
You kill the quokka!
You hit the endoplasm but do no damage. The endoplasm misses you.
You hit the endoplasm.
The endoplasm is lightly wounded.
The endoplasm freezes you.
You are frozen.
You die...

#.# #.##..#.# ##.##
#....... . ##...##
.....##. ##.....##
..#.....
####.......#####....# .
.......<.......'.#..#..#
####.......#####.>....#
##.....######..##.##
##...##@##...##....
##.###J##......## #.#
#.##..........
#.###.#...#######.
#.##.....## #..#..#
#........# #...#.#...#.#
.. ......?....


You could see an endoplasm.

Vanquished Creatures
  A bat (D:1)
  A quokka (D:1)
2 creatures vanquished.

Notes
Turn   | Place    | Note
-------+----------+-------------------------------------------
     0 | D:1      | wilfster70 the Gargoyle Earth Elementalist began the quest
                  | for the Orb.
     0 | D:1      | Reached XP level 1. HP: 10/10 MP: 3/3
    43 | D:1      | Frozen to death by an endoplasm

Illustrated notes

Levels and vault maps discovered:
D:1:      evilmike_arrival_plus, layout_rooms

Action                   || total
-------------------------++-------
Melee: Unarmed           ||     2
 Cast: Sandblast         ||     5
Armor: Robe              ||     3
Dodge: Dodged            ||     6

Table legend: (Time is in decaauts)
 A = Elapsed time spent in this place.
 B = Non-inter-level travel time spent in this place.
 C = Inter-level travel time spent in this place.
 D = Time resting spent in this place.
 E = Time spent auto-exploring this place.
 F = Levels seen in this place.
 G = Mean time per level.
                   A        B        C        D        E       F      G
               +--------+--------+--------+--------+--------+-----+--------+
         Total |     45 |     45 |      0 |     10 |      0 |   1 |   45.0 |
       Dungeon |     45 |     45 |      0 |     10 |      0 |   1 |   45.0 |
               +--------+--------+--------+--------+--------+-----+--------+

Top non-repeatable levels by time:
     D:1: 45 daAuts
